 Dungeon Crawl Stone Soup version 0.21.1-1-g345015fe64 (webtiles) character file.

86 Oravi the Insei (level 4, -3/32 HPs)
             Began as a Merfolk Transmuter on May 2, 2018.
             Slain by Sigmund
             ... wielding a +2 scythe of protection
              (12 damage)
             ... on level 2 of the Dungeon.
             The game lasted 00:04:49 (1994 turns).

Oravi the Insei (Merfolk Transmuter)                Turns: 1994, Time: 00:04:49

Health: -3/32      AC:  2    Str: 10    XL:     4   Next: 49%
Magic:  3/7        EV: 13    Int: 13    God:
Gold:   86         SH:  0    Dex: 14    Spells: 1/7 levels left

rFire    . . .     SeeInvis .     - Unarmed
rCold    . . .     Gourm    .   (no shield)
rNeg     . . .     Faith    .   b - +0 robe
rPois    .         Spirit   .   (no helmet)
rElec    .         Reflect  .   (no cloak)
rCorr    .         Harm     .   (no gloves)
MR       .....                  (no boots)
Stlth    +.........             (no amulet)
HPRegen  0.10/turn              (no ring)
MPRegen  0.10/turn              (no ring)

@: no status effects
A: change form in water, swift swim, stealthy swim
a: no special abilities


You were on level 2 of the Dungeon.
You were not hungry.

You visited 1 branch of the dungeon, and saw 2 of its levels.

You collected 86 gold pieces.

Inventory:

Missiles
 a - 71 arrows
 g - 46 stones (quivered)
Armour
 b - a +0 robe (worn)
 m - a +0 helmet
Scrolls
 f - a scroll of amnesia {unknown}
 h - a scroll of enchant armour {unknown}
 i - 2 scrolls of identify {unknown}
 l - a scroll of teleportation {unknown}
Potions
 e - a potion of mutation {unknown}
 j - a potion of ambrosia {unknown}
 k - a potion of magic {unknown}
Books
 c - a book of Changes

   Spells                             Type                      Level
   a - Beastly Appendage              Transmutation                1
   b - Sticks to Snakes               Transmutation                2
   c - Spider Form                    Transmutation/Poison         3
   d - Ice Form                       Ice/Transmutation            4
   e - Blade Hands                    Transmutation                5
Comestibles
 d - 2 rations
 n - 11 chunks of flesh


   Skills:
 - Level 1.1 Fighting
 - Level 2.6 Dodging
 + Level 4.4 Unarmed Combat
 - Level 2.0 Spellcasting
 + Level 4.4 Transmutations
 + Level 1.5 Poison Magic


You had one spell level left.
You knew the following spells:

 Your Spells              Type           Power        Failure   Level  Hunger
a - Beastly Appendage     Tmut           ##....       4%          1    ##.....
b - Sticks to Snakes      Tmut           ##......     6%          2    ###....
c - Spider Form           Tmut/Pois      #.........   22%         3    ####...


Dungeon Overview and Level Annotations

Branches:
Dungeon (2/15)

Altars:
Trog

Annotations:
D:2 Natasha, Sigmund


Message History

You hit Natasha but do no damage.
Natasha is moderately wounded.
The shadow imp closely misses you.
Your ball python closely misses Natasha. x2
Natasha closely misses you.
You barely miss Natasha.
Natasha is moderately wounded.
The shadow imp closely misses you.
Your ball python barely misses Natasha.
Your ball python misses Natasha.
Natasha misses you.
You hit Natasha.
Natasha is severely wounded.
Your ball python bites Natasha but does no damage.
Your ball python barely misses Natasha.
The shadow imp barely misses you. Natasha barely misses you.
You miss Natasha.
Natasha is severely wounded.
Your ball python closely misses Natasha.
Your ball python grabs Natasha.
Your ball python constricts Natasha.
The shadow imp closely misses you. Something hits you!
You die...

#.......##
##.)....#.....( ##......#
#.....#≈.##### #≈#.....#
#......#.# ##......##
##.S......#
#........####.........#
##....................##
##..............{......#
##.##..##..........##..##
#.###.÷.#.....S@...# .##
##.###........h.5....##
##.##.......§#......#
#####.#.#[....#§#.....# #
#.......#.#....§.....##
####
#########...##########
#)). ....#####.#.#
#############.##
_.......#.#.#
#..........##.##
....###...#.#
#.########.##.#


You could see Natasha, a shadow imp and 2 friendly ball pythons.

Vanquished Creatures
  Natasha (D:2)
  2 adders (D:2)
  A dart slug (D:1)
  2 worms
  A leopard gecko (D:2)
  A ball python (D:2)
  4 bats
  A giant cockroach (D:1)
  5 goblins
  6 hobgoblins
  3 frilled lizards
  4 kobolds
  3 rats
34 creatures vanquished.

Notes
Turn   | Place    | Note
-------+----------+-------------------------------------------
     0 | D:1      | Oravi the Merfolk Transmuter began the quest for the Orb.
     0 | D:1      | Reached XP level 1. HP: 15/15 MP: 3/3
   442 | D:1      | Reached XP level 2. HP: 18/21 MP: 3/5
  1423 | D:1      | Reached XP level 3. HP: 21/26 MP: 6/6
  1427 | D:1      | Learned a level 2 spell: Sticks to Snakes
  1431 | D:1      | Learned a level 3 spell: Spider Form
  1827 | D:2      | Found a bloodstained altar of Trog.
  1893 | D:2      | Reached skill level 1 in Poison Magic
  1893 | D:2      | Reached XP level 4. HP: 24/32 MP: 1/7
  1941 | D:2      | Noticed Natasha
  1951 | D:2      | Killed Natasha
  1970 | D:2      | Noticed Sigmund
  1987 | D:2      | Noticed Natasha
  1994 | D:2      | Slain by Sigmund

Skill      XL: |  1  2  3 |
---------------+----------+-----
Transmutations | 3 4 |  4.4
Unarmed Combat | 4 |  4.4
Poison Magic   | 1 |  1.5
Fighting       | |  1.1
Dodging        | |  2.6
Spellcasting   | |  2.0

Action                   |  1- 3 |  4- 6 || total
-------------------------+-------+-------++-------
Melee: Unarmed           |    97 |    13 ||   110
       Headbutt          |    10 |       ||    10
Throw: Stone             |    65 |     5 ||    70
 Cast: Beastly Appendage |    16 |     1 ||    17
       Spider Form       |     3 |     1 ||     4
       Sticks to Snakes  |       |     3 ||     3
 Stab: Sleeping          |     1 |       ||     1
  Eat: Chunk             |     4 |     1 ||     5
Armor: Robe              |    24 |       ||    24
       Skin              |     1 |       ||     1
Dodge: Dodged            |    88 |    24 ||   112
